 Dungeon Crawl Stone Soup version 0.30-a0-457-g4b7bca3bfa (webtiles) character file.

Game seed: 4638717139857076110

8743 NinjaNoafa the Summoner (level 11, -5/49 HPs)
             Began as a Felid Summoner on Dec 13, 2022.
             Was an Initiate of Gozag.
             Slain by a cane toad (22 damage)
             ... on level 1 of the Lair of Beasts.
             The game lasted 00:31:39 (15310 turns).

NinjaNoafa the Summoner (Felid Summoner)           Turns: 15310, Time: 00:31:39

Health: -5/49      AC:  2    Str:  4    XL:     11   Next: 13%
Magic:  24/35      EV: 23    Int: 27    God:    Gozag
Gold:   2030       SH:  0    Dex: 17    Spells: 17/30 levels left
                                        Lives:  0   Deaths: 2

rFire   . . .      SeeInvis +    (weapon unavailable)
rCold   . . .      Faith    .    (shield unavailable)
rNeg    . . .      Spirit   .    (body armour unavailable)
rPois   .          Reflect  .    (helmet unavailable)
rElec   .          Harm     .    (cloak unavailable)
rCorr   .          Rampage  .    (gloves unavailable)
Will    +....                    (boots unavailable)
Stlth   ++........               (no amulet)
HPRegen 0.28/turn                c - +6 ring of intelligence
MPRegen 0.24/turn                f - ring of magical power

@: lethally poisoned (-5 -> -6), gold aura, quick
A: very small, claws 1, fangs 3, see invisible, speed 1, shaggy fur 2, stealthy
paws, no weapons or thrown items, no armour, multi-lived
a: Renounce Religion, Potion Petition, Call Merchant, Bribe Branch


You were on level 1 of the Lair of Beasts.
You worshipped Gozag.
Gozag was most pleased with you.
You visited 3 branches of the dungeon, and saw 13 of its levels.

You collected 2152 gold pieces.
You paid 122 gold pieces to Gozag.

Inventory:

Jewellery
 c - a +6 ring of intelligence (left paw)
 f - a ring of magical power (right paw)
 q - a ring of poison resistance
 r - a ring of resist corrosion
Wands
 e - a wand of iceblast (20)
 u - a wand of charming (2)
 w - a wand of light (3)
 y - a wand of flame (9)
Scrolls
 b - 2 scrolls of immolation
 d - a scroll of vulnerability
 i - a scroll of poison
 k - 2 scrolls of noise
 m - 2 scrolls of brand weapon {unknown}
 n - 11 scrolls of teleportation
 s - a scroll of amnesia
 A - a scroll of silence {unknown}
 B - 2 scrolls of fog {unknown}
 C - a scroll of blinking {unknown}
 D - a scroll of fear
Potions
 a - 2 potions of magic
 g - 5 potions of heal wounds
 h - a potion of attraction {unknown}
 j - 2 potions of curing
 l - a potion of haste
 o - a potion of resistance
 p - 6 potions of mutation
 t - 2 potions of degeneration
 v - 5 potions of lignification
 x - a potion of brilliance {unknown}
 z - a potion of flight
Miscellaneous
 E - a phial of floods
 G - a lightning rod (4/4)


   Skills:
 + Level 6.5 Fighting
 + Level 9.2 Dodging
 - Level 2.6 Stealth
 - Level 10.0 Spellcasting
 - Level 5.0 Hexes
 - Level 10.0 Summonings
 + Level 4.2 Transmutations
 - Level 7.0 Air Magic
 + Level 3.4 Earth Magic
 - Level 7.0 Evocations


You had 17 spell levels left.
You knew the following spells:

 Your Spells              Type           Power      Damage    Failure   Level
a - Summon Small Mammal   Summ           100%       N/A       1%          1
b - Call Imp              Summ           61%        N/A       1%          2
c - Call Canine Familiar  Summ           61%        N/A       1%          3
d - Summon Guardian Gole  Hex/Summ       52%        N/A       1%          3
e - Summon Lightning Spi  Summ/Air       56%        N/A       1%          4

Your spell library contained the following spells:

 Spells                   Type           Power      Damage    Failure   Level
 Passwall                 Tmut/Erth      28%        N/A       1%          2
 Swiftness                Air            50%        N/A       1%          3
 Ensorcelled Hibernation  Hex/Ice        54%        N/A       2%          2
 Apportation              Tloc           26%        N/A       4%          1
 Freeze                   Ice            52%        1d6       4%          1
 Necrotise                Necr           52%        1d6       4%          1
 Summon Ice Beast         Ice/Summ       40%        N/A       5%          4
 Leda's Liquefaction      Hex/Erth       18%        N/A       8%          4
 Silence                  Hex/Air        22%        N/A       10%         5
 Frozen Ramparts          Ice            26%        1d4       13%         3
 Hailstorm                Conj/Ice       13%        3d5       13%         3
 Ice Form                 Ice/Tmut       25%        N/A       19%         4
 Lee's Rapid Deconstruct  Erth           16%        3d10*     28%         5
 Passage of Golubria      Tloc           13%        N/A       38%         4
 Statue Form              Tmut/Erth      22%        N/A       80%         6
 Lehudib's Crystal Spear  Conj/Erth      11%        10d4      100%        8


Dungeon Overview and Level Annotations

Branches:
Dungeon (11/15)            Temple (1/1) D:5            Lair (1/5) D:11
    Orc (0/2) D:10

Altars:
Ashenzari
Cheibriados
Dithmenos
Elyvilon
Fedhas
Gozag
Hepliaklqana
Kikubaaqudgha
Makhleb
Nemelex Xobeh
Okawaru
Qazlal
Ru
Sif Muna
Trog
Uskayaw
Vehumet
Wu Jian
Xom
Yredelemnul
Zin
The Shining One

Shops:
D:4 *   D:10 (


Innate Abilities, Weirdness & Mutations

You have sharp claws.
You have razor-sharp teeth.
You have supernaturally acute eyesight. (SInv)
You cover ground quickly. (Speed+)
You are covered in thick fur. (AC +2)
Your paws help you pounce on unaware monsters.
You are incapable of wielding weapons or throwing items.
You cannot wear armour.
You gain extra lives every three experience levels.


Message History

Your quokka dies!
Your quokka's corpse disappears in a puff of smoke!
The bolt of electricity hits the water moccasin!
You swap places.
You feel sick.
Your warg bites the cane toad.
Your lightning spire shoots out a bolt of lightning at the water moccasin!
The bolt of electricity hits the water moccasin!
The water moccasin dies!
Casting: Summon Small Mammal (safe; 1% risk of failure)
Confirm with . or Enter, or press ? or * to list all spells.
A guardian golem appears, shielding your allies.
You feel sick.
Your iron imp barely misses the yak.
The yak closely misses your warg.
Your quokka closely misses the yak.
The cane toad completely misses you.
Your warg bites the cane toad but does no damage.
You feel sick.
Your iron imp hits the yak!
The yak misses your warg. The yak gores your warg!
Your quokka bites the yak but does no damage.
Your warg barely misses the yak.
You feel sick.
Your lightning spire shoots out a bolt of lightning at the yak!
The bolt of electricity hits the yak!
The bolt of electricity hits the yak!!
Your quokka bites the yak but does no damage.
Your warg bites the yak but does no damage.
The yak gores your iron imp! The yak gores your quokka!
Your quokka dies!
Your quokka's corpse disappears in a puff of smoke!
The yak misses your warg.
Your iron imp hits the yak!
You feel sick.
Your warg completely misses the yak.
You feel sick. The yak barely misses your warg.
Your warg bites the yak!!
The yak dies!
The cane toad closely misses you.
You feel sick.
Your warg bites the yak!
Your lightning spire shoots out a bolt of lightning at the yak!
The bolt of electricity hits the yak!!
The yak dies!
The bolt of electricity hits your iron imp.
Your iron imp resists.
You feel sick. The yak closely misses you. The cane toad stings you!!
You die...
Your body crumbles into a pile of gold.

#.......##......# #
#..##....#......# #
#...#...##......# #
#............ยง..###
##........[......P#
#P...............###
##..................
#..F9..............
#.@................
##.#Yh.##.#.##....##
#...$5.......#.#####
##..$.$......#.#
#..#.........+..
##.+.8.........#
#.#.......^.....
#.P.........#.#..
#...P##.###.##.# .


You could see a yak (ally target), a cane toad (ally target), a friendly
guardian golem (summoned), a friendly warg (summoned, sheltered), a friendly
lightning spire (summoned, sheltered) and a friendly iron imp (summoned,
sheltered).

Vanquished Creatures
  An orc (D:5)
1 creature vanquished.

Vanquished Creatures (collateral kills)
  Erica (D:8)
  A two-headed ogre (D:11)
  Nergalle (D:10)
  Amaemon (D:8)
  Joseph (D:9)
  An orange demon (D:8)
  Psyche (D:7)
  A kobold demonologist (D:11)
  3 trolls
  Sigmund (D:3)
  A wraith (D:10)
  22 yaks
  7 humans (D:8)
  3 vampire mosquitoes (D:9)
  4 water moccasins
  An acid dragon (D:10)
  3 orc warriors
  2 sky beasts
  2 black bears
  7 wolves
  7 ogres
  4 centaurs
  5 kobold brigands
  A phantom (D:6)
  4 gnoll sergeants
  3 scorpions
  2 bullfrogs
  A necrophage (D:6)
  14 wights
  9 killer bees
  8 howler monkeys
  An electric eel (D:6)
  3 quasits (D:6)
  3 jellies
  7 hounds
  5 orc priests (D:5)
  4 gnoll boudas
  3 iguanas
  5 orc wizards
  42 gnolls
  6 adders
  2 shadow imps (D:6)
  4 white imps
  2 ufetubi (D:6)
  3 worms
  4 dart slugs
  42 orcs
  4 endoplasms
  4 giant cockroaches
  8 goblins
  4 hobgoblins
  12 jackals
  18 kobolds
  2 quokkas
  5 ball pythons
  2 bats (D:1)
  5 frilled lizards
  4 rats
326 creatures vanquished.

Vanquished Creatures (others)
  A centaur warrior (D:11)
  A two-headed ogre (D:9)
  A kobold demonologist (D:11)
  A troll (D:10)
  2 hornets
  A shadow (D:11)
  4 yaks (D:8)
  Grum (D:8)
  An orc warrior (D:6)
  An ice beast (D:6)
  An ogre (D:6)
  A centaur (D:10)
  A wolf (D:8)
  2 kobold brigands (D:11)
  5 wights
  An orc priest (D:10)
  An orc wizard (D:6)
  A gnoll (D:6)
  A white imp (D:6)
  An orc (D:5)
  A jackal (D:8)
  A quokka (D:8)
  4 demonic plants (D:6)
  3 fungi
  14 plants
52 creatures vanquished.

Grand Total: 379 creatures vanquished

Notes
Turn   | Place    | Note
-------+----------+-------------------------------------------
     0 | D:1      | NinjaNoafa the Felid Summoner began the quest for the Orb.
     0 | D:1      | Reached XP level 1. HP: 7/7 MP: 4/4
   309 | D:1      | Reached XP level 2. HP: 11/11 MP: 1/6
   482 | D:1      | Learned a level 2 spell: Call Imp
   644 | D:1      | Found a faded altar of an unknown god.
  1472 | D:2      | Reached XP level 3. HP: 14/14 MP: 6/8
  2175 | D:3      | Reached XP level 4. HP: 5/18 MP: 0/9
  2176 | D:3      | Reached skill level 5 in Summonings
  2291 | D:3      | Noticed Sigmund
  2324 | D:3      | Killed Sigmund
  2325 | D:3      | Reached XP level 5. HP: 6/21 MP: 3/12
  2325 | D:3      | Gained mutation: You are covered in thick fur. (AC +2)
                  | [Felid growth]
  2325 | D:3      | Reached XP level 6. HP: 6/24 MP: 3/13
  2400 | D:3      | Learned a level 3 spell: Call Canine Familiar
  2404 | D:3      | Learned a level 3 spell: Summon Guardian Golem
  2652 | D:3      | Reached skill level 1 in Hexes
  2871 | D:3      | Found a blossoming altar of Fedhas.
  3783 | D:4      | Found a glowing silver altar of Zin.
  3823 | D:4      | Found Yxi Fiz's Serpentskin Sales.
  3823 | D:4      | Noticed a water moccasin
  3843 | D:4      | Killed a water moccasin
  3844 | D:4      | Reached skill level 5 in Hexes
  4180 | D:4      | Found a hazy altar of Hepliaklqana.
  4401 | D:4      | You fall into a shaft and drop 1 floor!
  4401 | D:5      | Entered Level 5 of the Dungeon
  4411 | D:5      | Reached XP level 7. HP: 27/27 MP: 7/14
  4840 | D:5      | Found a staircase to the Ecumenical Temple.
  4903 | Temple   | Entered the Ecumenical Temple
  4994 | D:5      | Reached skill level 5 in Spellcasting
  5504 | D:5      | Reached XP level 8. HP: 31/31 MP: 17/17
  6900 | D:6      | Reached XP level 9. HP: 15/34 MP: 21/21
  7567 | D:6      | Found an iron altar of Okawaru.
  7583 | D:6      | Found an opulent altar of Gozag.
  7615 | D:6      | Became a worshipper of Gozag Ym Sagoz the Greedy
  7891 | D:7      | Reached skill level 10 in Summonings
  8611 | D:7      | Learned a level 4 spell: Summon Lightning Spire
  8635 | D:7      | Noticed a troll
  8644 | D:7      | Killed a troll
  8645 | D:7      | Reached skill level 10 in Spellcasting
  8645 | D:7      | Reached XP level 10. HP: 37/37 MP: 25/25
  8938 | D:7      | Reached skill level 1 in Air Magic
  8938 | D:7      | Reached skill level 1 in Evocations
  9196 | D:8      | Noticed an orange demon
  9206 | D:8      | Killed an orange demon
  9208 | D:8      | Noticed Amaemon
  9229 | D:8      | Killed Amaemon
  9379 | D:8      | Noticed Grum
  9426 | D:8      | Reached skill level 5 in Evocations
  9486 | D:8      | Reached skill level 5 in Air Magic
  9633 | D:8      | Killed Grum
  9752 | D:8      | Noticed Psyche
  9752 | D:8      | Found a white marble altar of Elyvilon.
  9780 | D:7      | Killed Psyche
 10045 | D:8      | Reached XP level 11. HP: 40/40 MP: 26/26
 10054 | D:8      | Reached skill level 1 in Fighting
 10511 | D:8      | Found a sacrificial altar of Ru.
 10524 | D:8      | Noticed Erica
 10546 | D:8      | Killed Erica
 11189 | D:9      | Noticed a two-headed ogre
 11206 | D:9      | Killed a two-headed ogre
 11261 | D:9      | Noticed Joseph
 11270 | D:9      | Killed Joseph
 11419 | D:9      | Reached skill level 5 in Dodging
 11842 | D:10     | Entered Level 10 of the Dungeon
 12060 | D:9      | Succumbed to a killer bee's poison
 12061 | D:9      | Reached XP level 10. HP: 0/43 MP: 22/25
 12395 | D:10     | Reached skill level 5 in Fighting
 12590 | D:10     | Found Rierynask's Antique Weapon Shop.
 12827 | D:10     | Learned a level 4 spell: Summon Ice Beast
 12980 | D:10     | Reached skill level 1 in Transmutations
 13040 | D:10     | Found a staircase to the Orcish Mines.
 13046 | D:10     | Reached skill level 1 in Earth Magic
 13049 | D:10     | Reached XP level 11. HP: 45/48 MP: 25/26
 13367 | D:10     | Noticed Nergalle
 13426 | D:10     | Noticed a spectral orc warlord
 13428 | D:10     | Killed from afar by Nergalle
 13429 | D:10     | Reached XP level 10. HP: -17/38 MP: 20/34
 13881 | D:10     | Killed Nergalle
 14503 | D:11     | Noticed a two-headed ogre
 14526 | D:11     | Killed a two-headed ogre
 14806 | D:11     | Noticed a centaur warrior
 14818 | D:11     | Killed a centaur warrior
 14819 | D:11     | Reached XP level 11. HP: 24/49 MP: 26/26
 15015 | D:11     | Found a staircase to the Lair.
 15028 | Lair:1   | Entered Level 1 of the Lair of Beasts
 15310 | Lair:1   | Slain by a cane toad

Illustrated notes

Levels and vault maps discovered:
D:1:      lemuel_arrival_room, layout_basic, serial_glass, glass_columns_b,
          glass_columns_c, glass_columns_b, glass_columns_a, glass_columns_a,
          glass_columns_b, due_unseen_surprise,
          hellmonk_ecumenical_altar_crossroads
D:2:      layout_loops_ring
D:3:      layout_basic, fedhas_altar_3, nicolae_concentric_dashed_squares_mild,
          uniq_sigmund
D:4:      layout_gridville, mainiacjoe_overflow_boulevard,
          nicolae_hepliaklqana_hippocampus, minmay_large_rounded_square,
          guppyfry_shop_venom
D:5:      lemuel_castle_with_subvaults [lemuel_castle_interior_carwin_3],
          layout_basic, minmay_temple_entry_fiery, chequers_big_river,
          minmay_bent
D:6:      layout_loops_ring, mainiacjoe_overflow_catch_the_wave, serial_demonic,
          serial_demonic_a, serial_demonic_g, serial_demonic_e,
          serial_demonic_g, serial_demonic_a, serial_demonic_f
D:7:      layout_cave_pools, chequers_serial_rivers_small_a, minmay_between
D:8:      erik_cavepeople, layout_layer_cave, elyvilon_altar_4,
          old_standard_altar, uniq_psyche, uniq_erica, uniq_amaemon, uniq_grum
D:9:      layout_roguey, uniq_joseph
D:10:     layout_roguey, kennysheep_orc_monster_closet_entryway, serial_shops,
          shop, amethyst_killhole, minivault_24, uniq_nergalle
D:11:     layout_loops_ring, lair_entry_dummy, kennysheep_generic_room_8
Temple:   hellmonk_temple_two_chambers
Lair:1:   layout_regular_city

Skill      XL: |  1  2  3  4  5  6  7  8  9 10 11 |
---------------+----------------------------------+-----
Spellcasting   | 3 4 5 7 10 | 10.0
Summonings     | 5 6 7 8 10 | 10.0
Hexes          | 5 |  5.0
Air Magic      | 7 |  7.0
Evocations     | 5 7 |  7.0
Dodging        | 9 8 |  9.2
Fighting       | 6 4 |  6.5
Transmutations | 3 4 |  4.2
Earth Magic    | 3 |  3.4
Stealth        | |  2.6

Action                   |  1- 3 |  4- 6 |  7- 9 | 10-12 || total
-------------------------+-------+-------+-------+-------++-------
Melee: Unarmed           |     6 |       |     3 |     4 ||    13
 Cast: Summon Small Mamm |    63 |    31 |    94 |    69 ||   257
       Call Imp          |    10 |    14 |    35 |    29 ||    88
       Call Canine Famil |       |    10 |    33 |    42 ||    85
       Summon Guardian G |       |     2 |    28 |    35 ||    65
       Summon Lightning  |       |       |       |    32 ||    32
       Summon Ice Beast  |       |       |       |    16 ||    16
Evoke: Wand              |       |       |     2 |     1 ||     3
  Use: Potion            |     2 |       |       |       ||     2
       Scroll            |       |     6 |     1 |    14 ||    21
Armor: Skin              |     4 |       |    12 |     4 ||    20
Dodge: Dodged            |    26 |    24 |   111 |    99 ||   260

Table legend: (Time is in decaauts)
 A = Elapsed time spent in this place.
 B = Non-inter-level travel time spent in this place.
 C = Inter-level travel time spent in this place.
 D = Time resting spent in this place.
 E = Time spent auto-exploring this place.
 F = Levels seen in this place.
 G = Mean time per level.
                   A        B        C        D        E       F      G
               +--------+--------+--------+--------+--------+-----+--------+
         Total |  14098 |  13467 |    631 |      0 |   9987 |  13 | 1084.5 |
       Dungeon |  13840 |  13214 |    626 |      0 |   9821 |  11 | 1258.2 |
        Temple |     14 |     10 |      4 |      0 |      8 |   1 |   14.0 |
          Lair |    243 |    243 |      0 |      0 |    158 |   1 |  243.0 |
               +--------+--------+--------+--------+--------+-----+--------+

Top non-repeatable levels by time:
     D:5: 1852 daAuts
    D:10: 1455 daAuts
     D:3: 1386 daAuts
     D:8: 1382 daAuts
     D:7: 1343 daAuts
     D:9: 1311 daAuts
     D:6: 1206 daAuts
     D:1: 1100 daAuts
     D:4: 1065 daAuts
    D:11: 975 daAuts
     D:2: 761 daAuts
  Lair:1: 243 daAuts
  Temple: 14 daAuts
